General information
			
			
        
        - name: king k rool
 
        - type: Ladder 1vs1/FFA
 
        - host: iggy_the_fisk
 
        - saver: Mata.
 
        
map: TerenasStand 
        - players: 8
 
        - length: 05:53
 
        - speed: Fast
 - version: 1.22 W3XP
 - replay type:  

 
» download(33 KB)
Players
        team 1 (winner) 
              
              
Mata. (
green | 135 APM | 797 actions | 05:53)
              
 2 Archmage 
 1 Summon Water Elemental
 1 Brilliance Aura
 
                » actions 
                
                | Assign group hotkey | 68 |  | 
| Basic commands | 1 |  | 
| Build / train | 26 |  | 
| Enter build submenu | 12 |  | 
| Enter hero's abilities submenu | 2 |  | 
| Remove unit from queue | 2 |  | 
| Right click | 397 |  | 
| Select / deselect | 196 |  | 
| Select group hotkey | 53 |  | 
| Use ability | 40 |  | 
                797 total
 » units 
                » buildings
                
                | Altar of Kings | 1 |  | 
| Barracks | 1 |  | 
| Farm | 5 |  | 
| Scout Tower | 2 |  | 
| Arcane Vault | 1 |  | 
| Keep | 3 |  | 
| Arcane Tower | 2 |  | 
                15 total
 » build order
                00:04 Altar of Kings
00:17 Barracks
00:32 Farm
01:05 Farm
01:29 Farm
02:46 Scout Tower
03:19 Scout Tower
04:16 Arcane Vault
04:17 Keep
04:17 Keep
04:17 Keep
04:24 Arcane Tower
04:24 Arcane Tower
04:43 Farm
04:54 Farm
 
               team 2 (loser) 
              
              
TIMG4STRok (
gray | 81 APM | 477 actions | 05:51)
              
 2 Blademaster 
 1 Wind Walk
 1 Critical Strike
 
                » actions 
                
                | Assign group hotkey | 8 |  | 
| Basic commands | 7 |  | 
| Build / train | 19 |  | 
| Enter build submenu | 11 |  | 
| Enter hero's abilities submenu | 2 |  | 
| Right click | 223 |  | 
| Select / deselect | 75 |  | 
| Select group hotkey | 116 |  | 
| Use ability | 16 |  | 
                477 total
 » units 
                » upgrades
                » buildings
                
                | Altar of Storms | 3 |  | 
| Orc Burrow | 3 |  | 
| Barracks | 1 |  | 
| Stronghold | 1 |  | 
| Voodoo Lounge | 1 |  | 
| Spirit Lodge | 1 |  | 
                10 total
 » build order
                00:04 Altar of Storms
00:09 Altar of Storms
00:11 Altar of Storms
00:22 Orc Burrow
00:40 Barracks
01:30 Orc Burrow
02:35 Stronghold
03:29 Orc Burrow
03:41 Voodoo Lounge
05:30 Spirit Lodge
» items
                
                | Lesser Clarity Potion | 1 |  | 
| Healing Salve | 1 |  | 
                2 total
  
               refereesiggy_the_fisk, 
NADMaN, 
bLinn, 
BEAR_AND, 
evil_pEnGOon, 
DirtMcGirt Chat log
          (00:07 / All) TIMG4STRok: NO
(00:08 / All) TIMG4STRok: FUCK
(00:11 / All) evil_pEnGOon: ¡ - ¡
(00:13 / All) TIMG4STRok: i lost
(00:14 / All) TIMG4STRok: already
(00:40 / All) Mata.: i fuck up hugely every game
(00:43 / All) Mata.: don't see me qqing
(01:00 / All) TIMG4STRok: listen
(01:02 / All) TIMG4STRok: lag
(01:07 / All) Mata.: that's a good excuse
(01:08 / All) TIMG4STRok: that is real though not excuse
(01:17 / All) Mata.: the actual lag screen was a nice touch
(01:25 / All) TIMG4STRok: you like it
(01:27 / All) TIMG4STRok: ?
(01:28 / All) BEAR_AND: before i reformatted i could lag on command w. printscreen
(01:30 / All) iggy_the_fisk: toss enough spaghetti on the ceiling
(01:35 / All) bLinn: i can do that i think
(01:36 / All) BEAR_AND: pissed some folks off righteous
(01:45 / All) Mata.: i can do that in tower games maybe
(03:46 / All) TIMG4STRok: oops
(03:51 / All) TIMG4STRok: built shitty base
(04:12 / All) Mata.: stop please
(04:13 / All) Mata.: we get it
(04:13 / All) TIMG4STRok: sigh......
(04:16 / All) bLinn: *presses the lag button*
(04:27 / All) Mata.: *presses and holds*
(05:38 / All) TIMG4STRok: gg
(05:40 / All) TIMG4STRok: man
(05:41 / All) TIMG4STRok: forgot my hero
(05:44 / All) TIMG4STRok: forgot everything
(05:51 / All) TIMG4STRok: was going to do a sweet zep drop in your base though